 Dungeon Sprint DCSS version 0.17-a0-18-gc25b939 (webtiles) character file.

48 BluebellGnoll the Slicer (level 4, 0/37 HPs)
             Began as a Spriggan Berserker on Mar 7, 2015.
             Was a High Priest of Trog.
             Slain by a wolf (2 damage)
             ... in the Dungeon (Sprint VI: "Thunderdome").
             The game lasted 00:04:44 (377 turns).

BluebellGnoll the Slicer (Spriggan Berserker)        Turns: 377, Time: 00:04:45

Health: 0/37       AC:  2    Str: 19    XL:     4   Next: 11%
Magic:  8/8        EV: 18    Int:  8    God:    Trog [*****.]
Gold:   145        SH:  0    Dex: 19    Spells: 0 memorised, 3 levels left

rFire  + + .     SeeInvis +     a - +0 short sword
rCold  . . .     Clarity  .     b - +0 animal skin
rNeg   + . .     SustAb   +     (shield restricted)
rPois  +         Gourm    +     (helmet restricted)
rElec  .         Spirit   .     (no cloak)
rCorr  .         Warding  .     (gloves unavailable)
rMut   .         NoTele   +     (boots unavailable)
MR     ++++.                    n - amulet "Not Schod" {Gourm rPois rC+ MR++}
Stlth  ..........               p - ring "Styip" {SustAb rF+ rC- rN+ Str+3 Dex+4}
                                o - ring "Tilaqin" {rF+ Str-3} (curse)

@: berserking, regenerating, very quick, incredibly resistant to hostile
enchantments, extremely unstealthy
A: unfitting armour, see invisible, herbivore 3, speed 3, slow metabolism 2
a: Burn Spellbooks, Berserk, Trog's Hand, Brothers in Arms, Renounce Religion


You were in the Dungeon.
You worshipped Trog.
Trog was extremely pleased with you.
You were not hungry.

You visited 1 branch You collected 280 gold pieces.
You spent 135 gold pieces at shops.

Inventory:

Hand weapons
 a - a +0 short sword (weapon)
Missiles
 q - 5 tomahawks of dispersal (quivered)
Armour
 b - a +0 animal skin (worn)
Jewellery
 n - the amulet "Not Schod" (around neck) {Gourm rPois rC+ MR++}
   (You bought it in a shop in the Dungeon)

   [amulet of the gourmand]

   It allows you to eat raw meat even when not hungry.
   It protects you from cold.
   It protects you from poison.
   It affects your resistance to hostile enchantments.
 o - the cursed ring "Tilaqin" (left hand) {rF+ Str-3}
   (You bought it in a shop in the Dungeon)

   [ring of strength]

   It affects your strength (-3).
   It protects you from fire.
   It has a curse placed upon it.
 p - the ring "Styip" (right hand) {SustAb rF+ rC- rN+ Str+3 Dex+4}
   (You bought it in a shop in the Dungeon)

   [ring of sustain abilities]

   It sustains your strength, intelligence and dexterity.
   It affects your strength (+3).
   It affects your dexterity (+4).
   It protects you from fire.
   It makes you vulnerable to cold.
   It protects you from negative energy.
Magical devices
 j - a wand of cold (5)
 k - a wand of fire (4)
Scrolls
 i - 4 scrolls of blinking
 l - 3 scrolls of fog
Potions
 d - a potion of curing
 e - 4 potions of heal wounds
 f - 4 potions of haste
 g - 2 potions of magic
 h - a potion of berserk rage
 m - a potion of resistance
Comestibles
 c - a bread ration


   Skills:
 * Level 3.8 Fighting
 - Level 8.4 Short Blades
 - Level 1.3 Armour
 - Level 3.0 Dodging
 * Level 2.5 Stealth


You had 3 spell levels left.
You didn't know any spells.

Dungeon Overview and Level Annotations

Branches:
Dungeon (1/1)

Altars:
Cheibriados
Dithmenos
Fedhas
Gozag
Kikubaaqudgha
Makhleb
Okawaru
Qazlal
Ru
Sif Muna
Trog
Vehumet
Xom
Yredelemnul
Zin
The Shining One
Jiyva
Lugonu

Shops:
D *[%??*?*:[((!!!!


Innate Abilities, Weirdness & Mutations

You are tiny and cannot use many weapons and most armour.
You have supernaturally acute eyesight.
You are a herbivore.
You cover ground extremely quickly.
You need consume almost no food.


Message History

The jackal completely misses you.
You hit the wolf but do no damage. The wolf bites you!
The jackal completely misses you. The wolf completely misses you.
You closely miss the wolf. The jackal completely misses you.
The wolf barely misses you.
You miss the wolf. The jackal closely misses you.
The wolf bites you but does no damage.
You hit the wolf.
The wolf is lightly wounded.
The wolf bites you!
* * * LOW HITPOINT WARNING * * *
The jackal completely misses you.
Unknown command.
Use which ability? (? or * to list)
A red film seems to cover your vision as you go berserk!
You feel yourself moving faster!
You feel mighty!
You feel somewhat more hungry. The wolf bites you!
* * * LOW HITPOINT WARNING * * *
The jackal misses you. The wolf bites you.
You die...

#∩.......∩#
#_......._#
#........_#
#_......._#
###.........#
#⌠...........
######.8.........8
##∩___......###....
###h@.......8.# #.8..
##...h.........###....
#⌠..........###...###.
#⌠..........# #.<.# #.
#§..........###...###.
##.............###....
###∩........8.# #.8..
##∩___......###....
######.8.........8


You could see a wolf and a jackal.

Vanquished Creatures
  5 adders (D)
  3 giant mites (D)
  A worm (D)
  A giant cockroach (D)
10 creatures vanquished.

Notes
Turn   | Place    | Note
--------------------------------------------------------------
     0 | D        | BluebellGnoll, the Spriggan Berserker, began the quest for the Orb.
     0 | D        | Reached XP level 1. HP: 11/11 MP: 2/2
     1 | D        | Found a burning altar of Makhleb.
     1 | D        | Found an opulent altar of Gozag.
     2 | D        | Found a basalt altar of Yredelemnul.
     3 | D        | Found a shimmering altar of Xom.
     3 | D        | Found a corrupted altar of Lugonu.
     4 | D        | Found Suaguboir's Jewellery.
     4 | D        | Found Binoteps' Bee Food.
     4 | D        | Found a stormy altar of Qazlal.
     4 | D        | Found an ancient bone altar of Kikubaaqudgha.
     5 | D        | Found an iron altar of Okawaru.
     6 | D        | Found Dyov's Advanced Armour.
     6 | D        | Found Jerah's Identification Station.
     9 | D        | Round 1.
    13 | D        | Bought a glittering golden amulet for 45 gold pieces
    13 | D        | Bought a steaming wooden ring for 45 gold pieces
    13 | D        | Bought a wavering amber ring for 45 gold pieces
    13 | D        | Identified the amulet "Not Schod" {Gourm rPois rC+ MR++} (You bought it in a shop in the Dungeon)
    14 | D        | Identified the cursed ring "Tilaqin" {rF+ Str-3} (You bought it in a shop in the Dungeon)
    15 | D        | Identified the ring "Styip" {SustAb rF+ rC- rN+ Str+3 Dex+4} (You bought it in a shop in the Dungeon)
    31 | D        | Found a blossoming altar of Fedhas.
    31 | D        | Found Ridet's Premium Goods.
    31 | D        | Found Esua's Miscellaneous Merchandise.
    32 | D        | Found a deep blue altar of Sif Muna.
    33 | D        | Found a shadowy altar of Dithmenos.
    33 | D        | Found Maenisam's Basic Armour.
    34 | D        | Found a glowing silver altar of Zin.
    35 | D        | Found Siuplics' Weapon Rack.
    50 | D        | Found a sacrificial altar of Ru.
    50 | D        | Found Gicoalia's Do-It-Yourself Clinic.
    50 | D        | Found Smejaipt's Bottled Wisdom.
    51 | D        | Found a radiant altar of Vehumet.
    52 | D        | Found Prued's Distillery.
    53 | D        | Found a bloodstained altar of Trog.
    54 | D        | Found Yroumiol's Distillery.
    67 | D        | Found a snail-covered altar of Cheibriados.
    69 | D        | Found a glowing golden altar of the Shining One.
    69 | D        | Found a viscous altar of Jiyva.
    69 | D        | Found Klunlau's Staff Store.
    69 | D        | Found Shodgh's Must-Have Magic.
    71 | D        | Found Klaara's Magic Scroll Shop.
    73 | D        | Found Izabomm's Magic Scroll Shop.
    97 | D        | Reached skill level 5 in Short Blades
    97 | D        | Reached XP level 2. HP: 16/16 MP: 4/4
   101 | D        | Reached skill level 6 in Short Blades
   101 | D        | Acquired Trog's second power
   101 | D        | Reached skill level 7 in Short Blades
   115 | D        | Reached XP level 3. HP: 19/19 MP: 6/6
   130 | D        | Arena points: 12 (+12) [x2]
   130 | D        | Reached skill level 8 in Short Blades
   188 | D        | Round 2.
   199 | D        | Reached skill level 1 in Stealth
   260 | D        | Acquired Trog's third power
   279 | D        | Reached XP level 4. HP: 16/24 MP: 8/8
   298 | D        | Received a gift from Trog
   317 | D        | Arena points: 48 (+36) [x3]
   363 | D        | Round 3.
   366 | D        | Noticed a wolf
   377 | D        | Slain by a wolf

Action                   |  1- 3 |  4- 6 || total
-------------------------+-------+-------++-------
Melee: Short sword       |    46 |    16 ||    62
Invok: Trog's Hand       |     2 |     1 ||     3
       Berserk           |       |     2 ||     2
Evoke: Wand              |     1 |       ||     1
